Unix NetHack Version 5.0.0-0 post-release - last build May 31 2026 23:59:36 (970b52f25bf058293b47ddfd14a1e40e571c508c,branch:main).

Game began 2026-06-07 00:17:45, ended 2026-06-07 22:11:32.

Doran, lawful male human Samurai

                            -------            -----
                            |.:$'Q|--     ------...|
                            |.d..x-.|     |........|
                          --|ev.$.|-|     |........|
                          |.ZR$%$.-?|   ----%-------
                          |@|..$$$|-|  --....)....|
                          |.|...0.-.|  |..........|
                          |.|.....|--  |..........|
                          |.|------   --------.-----
                          |.|         |............|
                          |.|         |............|
                          |.|         |----.--------
                          |.|         |0.........0|
                          |.|         |...........|
                          |.|         ------.-------
                          |.----------------.......|
                          |........%.......^......>|
                          --------------------------
Doran the Ninja        St:25 Dx:15 Co:18 In:10 Wi:7 Ch:7  Lawful S:18234
Dlvl:3  $:40 HP:0(96) Pw:31(31) AC:3  Xp:9 T:9342  Burdened

Latest messages:
 The horse kicks!
 The horse bites!
 The ogre picks up 21 gold pieces.
 The horse kicks!
 The horse bites!
 The horse kicks!
 The horse bites!
 The horse kicks!
 The horse bites!
 What do you want to zap? [rHIMSV-X or ?*] ?
 In what direction? u
 The sleep ray hits the horse.
 The sleep ray hits the floating eye.
 The sleep ray hits the little dog.
 The sleep ray hits the straw golem.
 You kill the horse!
 You hear a door open.
 The ogre lord picks up 127 gold pieces.
 The plains centaur picks up 43 gold pieces.
 The ogre lord picks up 96 gold pieces.
 The ettin zombie hits!
 The ettin zombie hits again!
 What do you want to zap? [rHIMSV-X or ?*] ?
 In what direction? l
 The sleep ray hits the ettin zombie.
 The sleep ray hits the rust monster.
 The sleep ray hits the housecat.
 The plains centaur opens a door.
 The plains centaur zaps a jeweled wand!
 The magic missile misses the kobold zombie.
 The magic missile misses the housecat.
 The magic missile misses the rust monster.
 The magic missile misses the ettin zombie.
 The magic missile whizzes by you!
 The magic missile bounces!
 The magic missile whizzes by you!
 The magic missile misses the ettin zombie.
 The magic missile misses the rust monster.
 The ogre lord picks up 103 gold pieces.
 The ettin zombie hits!
 The ettin zombie hits again!
 The plains centaur zaps a wand of magic missile!
 The magic missile hits the kitten!
 The kobold zombie is destroyed by the magic missile!
 The magic missile hits the housecat!
 The ettin zombie hits!
 The ettin zombie hits again!
 You die...
 Do you want your possessions identified? [ynq] (y) y
 Do you want to see your attributes? [ynq] (y) q

Inventory:
 Coins    ('$')
  $ - 40 gold pieces
 Amulets  ('"')
  f - an uncursed amulet versus poison (being worn)
 Weapons  (')')
  t - 12 +2 arrows
  T - 22 +0 arrows
  K - 21 poisoned +0 orcish arrows
  d - 28 +0 ya
  c - a +0 yumi
  D - a +0 elven dagger
  O - a +0 dwarvish mattock
  a - a +0 katana (weapon in right hand)
  i - a +0 katana
  b - a +0 wakizashi
 Armor    ('[')
  o - an uncursed +0 orcish helm (being worn)
  h - an uncursed +0 pair of gauntlets of power (being worn)
  F - an uncursed burnt +0 pair of speed boots (being worn)
  L - an uncursed rotted +0 cloak of magic resistance (being worn)
  z - an uncursed +0 cloak of protection
  B - an uncursed +0 mummy wrapping
  e - a blessed +0 elven mithril-coat (being worn)
 Comestibles  ('%')
  N - an uncursed cream pie
  s - 11 uncursed gunyoki
  P - 3 uncursed tripe rations
  g - 3 uncursed lichen corpses
  m - 2 uncursed lizard corpses
  U - an uncursed lizard corpse
 Potions  ('!')
  Y - a blessed potion of confusion
 Rings    ('=')
  E - an uncursed ring of levitation
  J - an uncursed ring of poison resistance
  A - an uncursed ring of polymorph control
  k - an uncursed ring of sustain ability
  q - an uncursed ring of teleportation
 Wands    ('/')
  W - a wand of cancellation (0:5)
  S - a wand of cold (0:5)
  I - a wand of death (0:3)
  H - a wand of light (0:12)
  M - a wand of lightning (0:1)
  X - a wand of make invisible (0:4)
  r - a wand of make invisible (0:1)
  V - a wand of sleep (0:0)
 Tools    ('(')
  v - an empty uncursed bag of holding
  Z - an uncursed oilskin sack containing 26 items
  x - an uncursed blindfold
  l - an uncursed mirror
  u - an uncursed mirror
  w - a blessed +0 unicorn horn

Contents of the oilskin sack:
  1094 gold pieces
  an uncursed scroll of blank paper
  an uncursed scroll of create monster
  an uncursed scroll of earth
  an uncursed scroll of fire
  an uncursed scroll of light
  an uncursed scroll of punishment
  3 uncursed scrolls of teleportation
  an uncursed potion of extra healing
  a cursed potion of hallucination
  a cursed potion of object detection
  an uncursed potion of restore ability
  5 potions of holy water
  an uncursed ring of searching
  an uncursed mirror
  an uncursed tin whistle
  2 uncursed aquamarine stones
  an uncursed chrysoberyl stone
  an uncursed fluorite stone
  an uncursed topaz stone
  2 uncursed worthless pieces of blue glass
  5 uncursed worthless pieces of green glass
  an uncursed worthless piece of orange glass
  3 uncursed worthless pieces of violet glass
  an uncursed worthless piece of white glass
  an uncursed worthless piece of yellow glass

Doran the Samurai's attributes:

Background:
 You were a Ninja, a level 9 male human Samurai.
 You were lawful, on a mission for Amaterasu Omikami
 who was opposed by Raijin (neutral) and Susanowo (chaotic).
 You were right-handed.
 You were in Sokoban, on level 3.
 You entered the dungeon 9342 turns ago.
 It was nighttime.
 You had 4055 experience points, 1065 more were needed to attain level 10.
 Your score was 18234 before end-of-game adjustments.

Basics:
 You had 0 out of 96 hit points.
 You had all 31 energy points (spell power).
 Your armor class was 3.
 Your wallet contained 40 zorkmids, and
 you had 1094 more stashed away in your pack.
 Autopickup was on for '$"?/=+!*' plus thrown, with exceptions.

Final Characteristics:
 Your strength was 25 (base:17, innate limit:18/100).
 Your dexterity was 15 (peak:16, limit:18).
 Your constitution was 18 (limit:18).
 Your intelligence was 10 (limit:18).
 Your wisdom was 7 (limit:18).
 Your charisma was 7 (limit:18).

Final Status:
 You weren't hungry.
 You were burdened; movement was slightly slowed.
 You were wielding a long sword.
 You had expert skill with long sword.

Final Attributes:
 You were piously aligned.
 You were magic-protected.
 You were cold resistant.
 You were sleep resistant.
 You were poison resistant.
 You were guarded.
 You were very fast.
 You were unlucky.
 You are dead.

Miscellaneous:
 You didn't encounter any bones levels.
 Total elapsed playing time was 2 hours and 5 minutes.

Major events:
 Turn
    1: Doran the lawful male human Samurai entered the dungeon
  366: attained the rank of Ronin (level 3)
  663: entered the Gnomish Mines
 1515: attained the rank of Ninja (level 6)
 1585: reached Mine Town
 6252: entered Sokoban
 6736: completed 1st Sokoban level
 7696: completed 2nd Sokoban level
 8043: completed 3rd Sokoban level
 9284: completed 4th Sokoban level
 9342: killed by an ettin zombie

You didn't know any spells.

Skills:
 Fighting Skills
   martial arts      [Basic]
   two weapon combat [Unskilled]
   riding            [Unskilled]
 Weapon Skills
   dagger            [Unskilled]
   knife             [Unskilled]
   short sword       [Basic]
   broadsword        [Unskilled]
   long sword        [Expert]
   two-handed sword  [Unskilled]
   saber             [Unskilled]
   flail             [Unskilled]
   quarterstaff      [Unskilled]
   polearms          [Unskilled]
   spear             [Unskilled]
   lance             [Unskilled]
   bow               [Basic]
   shuriken          [Unskilled]
 Spellcasting Skills
   attack spells     [Unskilled]
   divination spells [Unskilled]
   clerical spells   [Unskilled]

Voluntary challenges:
 Character rerolling was not enabled.
 You never genocided any monsters.
 You never polymorphed an object.
 You never changed form.
 You used no wishes.
 You violated the special Sokoban rules 6 times.
Achievements:
 You attained the rank of Ronin.
 You entered the Gnomish Mines.
 You entered a shop.
 You attained the rank of Ninja.
 You entered Minetown.
 You entered a temple.
 You entered Sokoban.

 The Dungeons of Doom: levels 1 to 8
    Level 1:
    Level 2:
    Level 3: "vault"
       An armor shop.
       Stairs down to The Gnomish Mines.
    Level 4:
       An altar to Amaterasu Omikami.
    Level 5:
       A fountain.
    Level 6:
       Many fountains.
       Oracle of Delphi.
    Level 7:
       Stairs up to Sokoban, level 6.
    Level 8:
 The Gnomish Mines: levels 4 to 8
    Level 4:
    Level 5:
    Level 6:
       Some shops, a temple and an altar, some fountains, some trees.
    Level 7:
    Level 8:
 Sokoban: levels 6 up to 3
    Level 3: <- You were here.
       Solved.
       Final resting place for
          you, killed by an ettin zombie.
    Level 4:
       Solved.
    Level 5:
       Solved.
    Level 6:
       Solved.


Vanquished creatures:
  a ghost
  a giant mimic
  3 small mimics
  a glass piercer
  a xan
 an ettin mummy
  a troll
 an ochre jelly
  a chameleon
  a giant beetle
  a quivering blob
  a cockatrice
  4 wolves
  a winter wolf cub
  a lynx
  2 panthers
  a leprechaun
 an orc-captain
 an iron piercer
  a giant spider
  2 horses
  a forest centaur
  3 gnome rulers
  a dwarf mummy
  2 brown puddings
  a gold golem
  2 werewolves
  a Green-elf
  3 lizards
  2 chickatrices
  a dingo
  a jaguar
  a gray unicorn
  a dust vortex
  a raven
  a gnome mummy
  3 apes
  5 human zombies
  3 Woodland-elves
  a bugbear
  2 imps
  a quasit
  2 wood nymphs
  a water nymph
  2 mountain nymphs
  8 Mordor orcs
  3 Uruk-hai
  a rock mole
  2 ponies
  a fog cloud
  a yellow light
  a shrieker
  8 gnome leaders
 an elf zombie
  2 ghouls
  a paper golem
  3 giant ants
  a little dog
  2 floating eyes
  3 dwarves
  2 homunculi
  3 kobold leaders
  2 kobold shamans
  3 rothes
  a rabid rat
  2 orc zombies
  2 iguanas
  a coyote
  a gas spore
  a large kobold
  3 hobgoblins
  2 giant rats
  7 cave spiders
 42 gnomes
  9 garter snakes
  4 geckos
  5 jackals
  a fox
  3 kobolds
  2 goblins
  4 sewer rats
 10 grid bugs
  6 lichens
  a kobold zombie
  2 newts
227 creatures vanquished.

No species were genocided or became extinct.

Game over:
                       ----------
                      /          \
                     /    REST    \
                    /      IN      \
                   /     PEACE      \
                  /                  \
                  |      Doran       |
                  |     1134 Au      |
                  |   killed by an   |
                  |   ettin zombie   |
                  |                  |
                  |                  |
                  |       2026       |
                 *|     *  *  *      | *
        _________)/\\_//(\/(/\)/\//\/|_)_______

Sayonara Doran the Samurai...

You died in Sokoban on dungeon level 3 with 18121 points,
and 1134 pieces of gold, after 9342 moves.
You were level 9 with a maximum of 96 hit points when you died.

